 Dungeon Sprint DCSS version 0.17-a0-1719-g1afd5a1 (webtiles) character file.

5200000 ztt the Plane Walker (level 27, -39/249 HPs)
             Began as a Formicid Warper on Aug 28, 2015.
             Was the Champion of Makhleb.
             Annihilated by a sculptor of flesh
             ... wielding a +9 great sword
              (222 damage)
             ... in the Dungeon (Sprint VIII: "Arena of Blood").
             The game lasted 00:01:10 (52 turns).

ztt the Plane Walker (Formicid Warper)                Turns: 52, Time: 00:01:10

Health: -39/249    AC:  6    Str: 16    XL:     27
Magic:  15/54      EV: 34    Int: 17    God:    Makhleb [******]
Gold:   0          SH:  0    Dex: 19    Spells: 1 memorised, 79 levels left

rFire  . . .     SeeInvis +     l - +∞ Axe of Woe
rCold  . . .     Clarity  .     b - +0 leather armour
rNeg   . . .     SustAt   .     (no shield)
rPois  .         Gourm    .     (helmet unavailable)
rElec  .         Spirit   .     (no cloak)
rCorr  .         Warding  .     (no gloves)
rMut   .         Stasis   +     (no boots)
MR     ++...                    (no amulet)
Stlth  +++++++++.               (no ring)
                                (no ring)

@: very resistant to hostile enchantments, incredibly stealthy
A: permanent stasis, dig shafts and tunnels, four strong arms, antennae 3
a: Dig, Minor Destruction, Lesser Servant of Makhleb, Major Destruction, Greater
Servant of Makhleb, Renounce Religion


You were in the Dungeon.
You worshipped Makhleb.
Makhleb was exalted by your worship.
You were not hungry.

You visited 1 branch

Inventory:

Hand weapons
 a - a +0 hand axe
 l - the +∞ Axe of Woe (weapon)
   (You found it in the Dungeon)
Missiles
 e - 5 tomahawks of dispersal (quivered)
Armour
 b - a +0 leather armour (worn)
Scrolls
 d - 2 scrolls of blinking
Potions
 g - a potion of curing
 h - a potion of heal wounds
 i - a potion of haste
 j - 2 potions of magic
 k - a potion of berserk rage
Books
 c - a book of Spatial Translocations

   Spells                             Type                      Level
   a - Apportation                    Translocation                1
   b - Blink                          Translocation                2
   c - Shroud of Golubria             Charms/Translocation         2
   d - Portal Projectile              Translocation                3
   e - Teleport Other                 Translocation                3
   f - Passage of Golubria            Translocation                4
Comestibles
 f - a bread ration


   Skills:
 O Level 27 Fighting
 O Level 27 Axes
 O Level 27 Throwing
 O Level 27 Armour
 O Level 27 Dodging
 O Level 27 Stealth
 O Level 27 Unarmed Combat
 O Level 27 Spellcasting
 O Level 27 Translocations
 O Level 27 Invocations


You had 79 spell levels left.
You knew the following spells:

 Your Spells              Type           Power        Failure   Level  Hunger
a - Apportation           Tloc           #######...   0%          1    None


Dungeon Overview and Level Annotations

Branches:
Dungeon (1/1)

Altars:
Makhleb


Innate Abilities, Weirdness & Mutations

You are under a permanent stasis effect.
You can dig through walls and to a lower floor.
Your four strong arms can wield two-handed weapons with a shield.
You have a pair of large antennae on your head (SInv).


Message History

You kill the bag of meat!
Makhleb accepts your kill.
You hit the destroyer.
You cleave the destroyer in twain.
You destroy the destroyer!
Makhleb accepts your kill.
You feel better.
You hear a shout!
The small abomination is engulfed in roaring flames.
You hear a shout! x2
The small abomination is engulfed in roaring flames.
The meat berserker is engulfed in roaring flames.
The small abomination is engulfed in roaring flames.
You hear a shout! 2 orcs come into view.
The tyrant waves its bony arms in wide circles.
The air twists around and strikes you!
You hear a shout! x2
The sculptor of flesh hits you with a +9 great sword!!!!!
Ouch! That really hurt!
You die...

...o#o............
#.....L..#.............
#....O....#........#...
#..o..ox..L..#.....#...
#...{.oo..#......###...
#...o#ooo§....x.......#
#....##o§x§)zx#........
#....z#)zXOx#{......#..
#=....@###x§..)..)))#_.
#.....##{{{)#)))..).#..
#....#.{{{{.)§#)..)))..
#....#.{{{{§§)).......#
#.......{{..{....###...
#.....oo...........#...
#..................#...
#..C......#............
o......#.#.#.........


You could see a tyrant, 3 sculptors of flesh, a large abomination, a meat
berserker (berserk), 2 small abominations and 6 bags of meat.

Vanquished Creatures
  Harold (D)
  7 vampire knights (D)
  18 ogres (D)
  43 orcs (D)
  3 hill giants (D)
  3 small abominations (D)
  A large abomination (D)
  2 crawling corpses (D)
78 creatures vanquished.

Vanquished Creatures (others)
  3 crawling corpses (D)
3 creatures vanquished.

Grand Total: 81 creatures vanquished

Notes
Turn   | Place    | Note
--------------------------------------------------------------
     0 | D        | ztt the Formicid Warper began the quest for the Orb.
     0 | D        | Reached XP level 1. HP: 16/16 MP: 3/3
     4 | D        | Became a worshipper of Makhleb the Destroyer
     5 | D        | Noticed a bag of meat
     5 | D        | Noticed a bag of meat
     6 | D        | Noticed a bag of meat
     6 | D        | Noticed a bag of meat
     6 | D        | Noticed a bag of meat
     6 | D        | Noticed a bag of meat
     7 | D        | Noticed a meat berserker
     7 | D        | Noticed a bag of meat
     7 | D        | Noticed a bag of meat
     7 | D        | Noticed a meat berserker
     8 | D        | Killed a bag of meat
     8 | D        | Reached skill level 11 in Fighting
     8 | D        | Reached skill level 10 in Axes
     8 | D        | Reached skill level 12 in Spellcasting
     8 | D        | Reached skill level 17 in Translocations
     8 | D        | Reached XP level 2. HP: 19/37 MP: 3/15
     8 | D        | Reached XP level 3. HP: 22/43 MP: 3/16
     8 | D        | Reached XP level 4. HP: 25/50 MP: 3/18
     8 | D        | Reached XP level 5. HP: 28/56 MP: 3/19
     8 | D        | Reached XP level 6. HP: 31/62 MP: 3/21
     8 | D        | Reached XP level 7. HP: 34/68 MP: 3/22
     8 | D        | Reached XP level 8. HP: 37/75 MP: 3/24
     8 | D        | Reached XP level 9. HP: 39/81 MP: 3/25
     8 | D        | Reached XP level 10. HP: 42/88 MP: 3/26
     8 | D        | Reached XP level 11. HP: 44/93 MP: 3/27
     8 | D        | Reached XP level 12. HP: 47/100 MP: 3/28
     9 | D        | Noticed a bag of meat
     9 | D        | Noticed a bag of meat
     9 | D        | Noticed a meat berserker
     9 | D        | Noticed a meat berserker
     9 | D        | Killed a bag of meat
     9 | D        | Acquired Makhleb's first power
     9 | D        | Reached skill level 10 in Dodging
     9 | D        | Reached skill level 20 in Translocations
     9 | D        | Reached XP level 13. HP: 49/109 MP: 3/30
     9 | D        | Killed a meat berserker
     9 | D        | Reached skill level 15 in Fighting
     9 | D        | Reached skill level 23 in Translocations
     9 | D        | Reached XP level 14. HP: 52/123 MP: 3/34
     9 | D        | Reached XP level 15. HP: 54/129 MP: 3/35
     9 | D        | Killed a bag of meat
     9 | D        | Acquired Makhleb's second power
     9 | D        | Reached skill level 15 in Axes
     9 | D        | Reached skill level 24 in Translocations
    10 | D        | Noticed a bag of meat
    10 | D        | Noticed a bag of meat
    10 | D        | Noticed a bag of meat
    10 | D        | Killed a meat berserker
    10 | D        | Reached skill level 5 in Armour
    10 | D        | Reached skill level 26 in Translocations
    10 | D        | Reached XP level 16. HP: 136/141 MP: 3/38
    10 | D        | Killed a bag of meat
    10 | D        | Acquired Makhleb's third power
    10 | D        | Reached skill level 5 in Throwing
    10 | D        | Reached skill level 15 in Dodging
    10 | D        | Reached skill level 27 in Translocations
    11 | D        | Killed a bag of meat
    11 | D        | Reached XP level 17. HP: 143/153 MP: 4/41
    11 | D        | Killed a meat berserker
    11 | D        | Reached XP level 18. HP: 160/166 MP: 4/43
    11 | D        | Killed a meat berserker
    11 | D        | Acquired Makhleb's fourth power
    12 | D        | Noticed a bag of meat
    12 | D        | Killed a bag of meat
    13 | D        | Noticed a bag of meat
    13 | D        | Noticed a meat berserker
    13 | D        | Killed a meat berserker
    13 | D        | Acquired Makhleb's fifth power
    13 | D        | Reached skill level 10 in Armour
    13 | D        | Reached XP level 19. HP: 177/183 MP: 4/48
    13 | D        | Killed a bag of meat
    13 | D        | Killed a bag of meat
    13 | D        | Reached XP level 20. HP: 192/195 MP: 4/50
    14 | D        | Noticed a bag of meat
    16 | D        | Noticed a bag of meat
    16 | D        | Killed a bag of meat
    16 | D        | Reached skill level 27 in Fighting
    16 | D        | Reached skill level 27 in Axes
    16 | D        | Killed a bag of meat
    16 | D        | Reached skill level 27 in Spellcasting
    16 | D        | Killed a bag of meat
    18 | D        | Noticed a meat berserker
    18 | D        | Noticed a destroyer
    18 | D        | Noticed a bag of meat
    18 | D        | Noticed a meat berserker
    18 | D        | Noticed a bag of meat
    18 | D        | Noticed a bag of meat
    19 | D        | Noticed a bag of meat
    19 | D        | Noticed a meat berserker
    19 | D        | Noticed a bag of meat
    19 | D        | Noticed a destroyer
    19 | D        | Noticed a bag of meat
    20 | D        | Noticed a destroyer
    20 | D        | Killed a bag of meat
    20 | D        | Reached skill level 15 in Armour
    20 | D        | Reached skill level 27 in Dodging
    20 | D        | Reached XP level 21. HP: 204/204 MP: 6/52
    20 | D        | Killed a bag of meat
    21 | D        | Noticed a bag of meat
    21 | D        | Noticed a meat berserker
    21 | D        | Killed a bag of meat
    21 | D        | Noticed a bag of meat
    22 | D        | Killed a destroyer
    22 | D        | Reached XP level 22. HP: 212/212 MP: 7/53
    23 | D        | Noticed a bag of meat
    23 | D        | Noticed a bag of meat
    23 | D        | Killed a destroyer
    23 | D        | Reached skill level 27 in Armour
    23 | D        | Killed a meat berserker
    23 | D        | Reached skill level 27 in Throwing
    23 | D        | Killed a destroyer
    23 | D        | Reached skill level 15 in Invocations
    23 | D        | Reached XP level 23. HP: 219/219 MP: 7/54
    24 | D        | Noticed a large bag of meat
    25 | D        | Killed a bag of meat
    25 | D        | Reached skill level 15 in Unarmed Combat
    25 | D        | Killed a meat berserker
    25 | D        | Reached XP level 24. HP: 227/227 MP: 8/54
    25 | D        | Killed a bag of meat
    25 | D        | Killed a meat berserker
    25 | D        | Reached skill level 27 in Stealth
    26 | D        | Noticed a bag of meat
    26 | D        | Killed a bag of meat
    26 | D        | Reached skill level 27 in Invocations
    26 | D        | Killed a bag of meat
    26 | D        | Reached skill level 27 in Unarmed Combat
    27 | D        | Killed a bag of meat
    27 | D        | Reached XP level 25. HP: 234/234 MP: 8/54
    27 | D        | Killed a meat berserker
    27 | D        | Killed a bag of meat
    27 | D        | Killed a bag of meat
    27 | D        | Killed a bag of meat
    28 | D        | Noticed a meat berserker
    28 | D        | Killed a bag of meat
    30 | D        | Noticed a sculptor of flesh
    30 | D        | Noticed a large bag of meat
    30 | D        | Noticed a bag of meat
    31 | D        | Noticed a meat berserker
    31 | D        | Killed a bag of meat
    31 | D        | Reached XP level 26. HP: 239/242 MP: 9/54
    31 | D        | Killed a bag of meat
    31 | D        | Killed a large bag of meat
    32 | D        | Noticed a bag of meat
    32 | D        | Noticed a bag of meat
    32 | D        | Noticed a bag of meat
    32 | D        | Noticed a bag of meat
    32 | D        | Noticed a large bag of meat
    32 | D        | Noticed a bag of meat
    33 | D        | Noticed a bag of meat
    33 | D        | Noticed The Servant
    33 | D        | Noticed a bag of meat
    33 | D        | Noticed a meat berserker
    33 | D        | Noticed a bag of meat
    34 | D        | Noticed a bag of meat
    34 | D        | Noticed a meat berserker
    34 | D        | Killed a bag of meat
    34 | D        | Killed a meat berserker
    35 | D        | Noticed a bag of meat
    35 | D        | Noticed a bag of meat
    35 | D        | Noticed a meat berserker
    35 | D        | Noticed a bag of meat
    35 | D        | Noticed a bag of meat
    35 | D        | Noticed a bag of meat
    35 | D        | Noticed a bag of meat
    35 | D        | Noticed a bag of meat
    35 | D        | Noticed a bag of meat
    36 | D        | Noticed a meat berserker
    36 | D        | Noticed a bag of meat
    36 | D        | Noticed a bag of meat
    36 | D        | Noticed a large bag of meat
    37 | D        | Noticed a bag of meat
    37 | D        | Noticed a sculptor of flesh
    37 | D        | Killed a meat berserker
    37 | D        | Reached XP level 27. HP: 249/249 MP: 11/54
    37 | D        | Killed a bag of meat
    37 | D        | Killed The Servant
    38 | D        | Noticed a destroyer
    38 | D        | Noticed a bag of meat
    38 | D        | Noticed a meat berserker
    39 | D        | Noticed a large bag of meat
    39 | D        | Killed a bag of meat
    39 | D        | Killed a bag of meat
    39 | D        | Killed a bag of meat
    39 | D        | Killed a bag of meat
    40 | D        | Noticed a bag of meat
    40 | D        | Noticed a meat berserker
    40 | D        | Killed a meat berserker
    40 | D        | Killed a destroyer
    41 | D        | Noticed a destroyer
    41 | D        | Noticed a meat berserker
    41 | D        | Killed a meat berserker
    42 | D        | Noticed a destroyer
    43 | D        | Noticed a meat berserker
    43 | D        | Noticed a bag of meat
    43 | D        | Killed a large bag of meat
    43 | D        | Killed a large bag of meat
    43 | D        | Killed a bag of meat
    44 | D        | Noticed a bag of meat
    44 | D        | Noticed a meat berserker
    44 | D        | Noticed a bag of meat
    44 | D        | Killed a bag of meat
    44 | D        | Killed a bag of meat
    44 | D        | Killed a meat berserker
    44 | D        | Killed a bag of meat
    45 | D        | Noticed a bag of meat
    45 | D        | Noticed a destroyer
    45 | D        | Noticed a sculptor of flesh
    45 | D        | Killed a bag of meat
    45 | D        | Killed a meat berserker
    45 | D        | Killed a bag of meat
    45 | D        | Killed a meat berserker
    45 | D        | Killed a destroyer
    46 | D        | Noticed a bag of meat
    46 | D        | Noticed a tyrant
    47 | D        | Noticed a meat berserker
    47 | D        | Noticed a bag of meat
    47 | D        | Killed a bag of meat
    47 | D        | Killed a bag of meat
    47 | D        | Killed a meat berserker
    48 | D        | Noticed a bag of meat
    48 | D        | Noticed a bag of meat
    48 | D        | Killed a destroyer
    48 | D        | Killed a bag of meat
    49 | D        | Killed a meat berserker
    49 | D        | Killed a bag of meat
    50 | D        | Noticed a tyrant
    51 | D        | Noticed a meat berserker
    51 | D        | Killed a bag of meat
    51 | D        | Killed a bag of meat
    51 | D        | Killed a destroyer
    52 | D        | Noticed a bag of meat
    52 | D        | Noticed a bag of meat
    52 | D        | Annihilated by a sculptor of flesh

Vault maps used:
D:        meatsprint

Action                   |  1- 3 |  4- 6 |  7- 9 | 10-12 | 13-15 | 16-18 | 19-21 | 22-24 | 25-27 || total
-------------------------+-------+-------+-------+-------+-------+-------+-------+-------+-------++-------
Melee: Executioner's axe |     1 |       |       |     1 |     1 |     3 |     4 |     4 |    14 ||    28
